 Dungeon Crawl Stone Soup version 0.26.1-2-gb8aa6d0cf2 (webtiles) character file.

Game seed: 9220289457315579312

12166 raph the Geomancer (level 11, -4/61 HPs)
             Began as a Deep Elf Earth Elementalist on Feb 10, 2021.
             Was a Priest of Sif Muna.
             Slain by a freezing wraith (10 damage)
             ... in an ice cave.
             The game lasted 00:41:54 (19102 turns).

raph the Geomancer (Deep Elf Earth Elementalist)   Turns: 19102, Time: 00:41:55

Health: -4/61      AC: 11    Str:  6    XL:     11   Next: 58%
Magic:  6/25       EV: 20    Int: 23    God:    Sif Muna [***...]
Gold:   180        SH:  5    Dex: 15    Spells: 1/26 levels left

rFire    . . .     SeeInvis +   a - +3 dagger (drain)
rCold    . . .     Faith    .   (no shield)
rNeg     . . .     Spirit   .   i - +2 robe {Will+}
rPois    .         Reflect  +   j - +1 helmet
rElec    .         Harm     .   (no cloak)
rCorr    .         Rampage  .   o - +1 pair of gloves
Will     ++...                  I - +2 pair of boots
Stlth    ++++......             q - amulet of reflection
HPRegen  0.20/turn              n - ring of see invisible
MPRegen  0.19/turn              D - +4 ring of evasion

@: slowed, very slow
A: no striking features
a: Renounce Religion, Channel Magic, Forget Spell


You were in an ice cave.
You worshipped Sif Muna.
Sif Muna was most pleased with you.
You visited 3 branches of the dungeon, and saw 13 of its levels.
You also visited: Ice Cave.

You collected 648 gold pieces.
You spent 468 gold pieces at shops.

Inventory:

Hand Weapons
 a - a +3 dagger of draining (weapon)
 c - a +0 rapier
 s - a cursed -1 shortbow
Missiles
 b - 195 stones
 A - 147 arrows
Armour
 i - a +2 robe of willpower (worn)
 j - a +1 helmet (worn)
 o - a +1 pair of gloves (worn)
 I - a +2 pair of boots (worn)
 K - a +0 troll leather armour
Magical Staves
 x - an uncursed staff of conjuration
Jewellery
 n - a ring of see invisible (left hand)
 q - an amulet of reflection (around neck)
 D - a +4 ring of evasion (right hand)
 F - an uncursed amulet of guardian spirit
 H - an uncursed amulet of regeneration {unknown}
Wands
 r - a wand of paralysis (7)
 y - a wand of digging (1)
 B - a wand of acid (4)
 C - a wand of enslavement (7)
 J - a wand of polymorph (24)
Scrolls
 d - a scroll of blinking
 f - 2 scrolls of magic mapping
 p - 13 scrolls of remove curse
 E - a scroll of teleportation
 G - a scroll of amnesia
 L - 2 scrolls of enchant weapon
Potions
 e - 4 potions of might
 g - 5 potions of haste
 h - a potion of flight
 k - 3 potions of heal wounds
 l - a potion of attraction
 m - 2 potions of magic
 t - a potion of brilliance
 u - a potion of lignification
 v - a potion of invisibility
 w - a potion of berserk rage
 z - 2 potions of mutation


   Skills:
 + Level 4.2 Fighting
 + Level 6.7 Dodging
 + Level 7.2 Stealth
 + Level 8.4 Spellcasting
 + Level 5.5 Conjurations
 * Level 3.1 Necromancy
 - Level 1.1 Transmutations
 + Level 13.2 Earth Magic
 * Level 7.4 Invocations


You had one spell level left.
You knew the following spells:

 Your Spells              Type           Power        Failure   Level
a - Sandblast             Erth           100%         1%          1
b - Passwall              Tmut/Erth      35%          1%          2
c - Stone Arrow           Conj/Erth      100%         1%          3
d - Call Imp              Summ           9%           10%         2
e - Blink                 Tloc           N/A          10%         2
f - Lee's Rapid Deconstr  Erth           31%          1%          5
g - Mephitic Cloud        Conj/Pois/Air  18%          10%         3
h - Petrify               Tmut/Erth      42%          3%          4
i - Vampiric Draining     Necr           12%          5%          3

Your spell library contained the following spells:

 Spells                   Type           Power        Failure   Level
 Animate Skeleton         Necr           48%          1%          1
 Magic Dart               Conj           100%         1%          1
 Pain                     Necr           96%          1%          1
 Conjure Flame            Conj/Fire      22%          6%          3
 Slow                     Hex            9%           10%         2
 Animate Dead             Necr           12%          19%         4
 Agony                    Necr           24%          45%         5


Dungeon Overview and Level Annotations

Branches:
Dungeon (10/15)            Temple (1/1) D:6            Lair (2/6) D:10
    Orc (0/2) D:10          IceCv (1/1)
  Swamp: Lair:2-4    Shoals: Lair:2-4     Snake: Lair:2-4    Spider: Lair:2-4

Altars:
Ashenzari
Cheibriados
Dithmenos
Elyvilon
Fedhas
Gozag
Hepliaklqana
Kikubaaqudgha
Makhleb
Nemelex Xobeh
Okawaru
Qazlal
Ru
Sif Muna
Trog
Uskayaw
Vehumet
Wu Jian
Xom
Yredelemnul
Zin
The Shining One

Shops:
D:4 *

Annotations:
D:8 Harold
D:9 4 runed translucent doors


Message History

* * * LOW HITPOINT WARNING * * *
The freezing wraith hits you!
* * * LOW HITPOINT WARNING * * *
The freezing wraith drains your vigour!
You feel as though you will be slow longer.
Casting: Lee's Rapid Deconstruction (dangerous; 1% risk of failure)
Confirm with . or Enter, or press ? or * to list all spells.
Aiming: Lee's Rapid Deconstruction (dangerous; 1% risk of failure)
Press: ? - help, Dir - move target An ice covered rock wall.
The wall shatters!
The blast of rock fragments hits the freezing wraith.
You destroy the freezing wraith!
Sif Muna accepts your kill.
The blast of rock fragments hits the freezing wraith!
The freezing wraith is almost destroyed.
The freezing wraith hits you.
* * * LOW HITPOINT WARNING * * *
The freezing wraith freezes you!
You die...

#..##.....##
##..##.....#
##.###...##
#Y.## W....#
#..######
##..# .....
##..## #W.##
..W.. #...##
##..# Y...
##...##
#..## ...#
##...####.##
##...##.W#
##..#.@##
#.....#
##...##
#####


You could see 2 freezing wraiths and an ice beast.

Vanquished Creatures
  A hydra (Lair:1)
  A boulder beetle (D:9)
  A two-headed ogre (D:10)
  Psyche (D:9)
  A cane toad (Lair:1)
  4 freezing wraiths (IceCv)
  2 ice devils (Lair:2)
  A rime drake (Lair:1)
  2 trolls
  A hornet (D:7)
  Prince Ribbit (D:6)
  5 yaks
  A wyvern (D:9)
  A wraith (D:10)
  A basilisk (Lair:1)
  A death yak simulacrum (IceCv)
  Menkaure (D:7)
  A warg (D:10)
  Duvessa (D:7)
  8 water moccasins (Lair:1)
  4 ice beasts (IceCv)
  An orc warrior (D:10)
  5 phantoms
  A black bear (D:9)
  2 sky beasts
  3 centaurs
  3 necrophages
  4 ogres
  5 bullfrogs
  A big kobold (D:10)
  2 gnoll sergeants
  2 scorpions
  Dowan (D:7)
  3 wights (D:9)
  3 howler monkeys
  2 electric eels (D:10)
  A bullfrog zombie (D:7)
  2 jellies
  8 orc wizards
  2 gnoll shamans (D:3)
  2 orc priests
  8 hounds
  An iguana (D:7)
  A bullfrog skeleton (D:10)
  2 centaur skeletons
  2 polar bear simulacra (IceCv)
  9 worker ants
  A wolf simulacrum (IceCv)
  A hound skeleton (D:4)
  A howler monkey zombie (D:9)
  A worker ant zombie (D:10)
  32 gnolls
  14 adders
  A shadow imp (D:8)
  7 white imps
  3 ufetubi
  2 adder skeletons
  3 dart slugs
  6 leopard geckos
  33 orcs
  2 ball pythons
  10 bats
  3 giant cockroaches
  7 goblins
  7 hobgoblins
  26 jackals
  5 quokkas
  5 frilled lizards
  A giant cockroach zombie (D:5)
  8 kobolds
  A leopard gecko skeleton (D:8)
  13 rats
  A spectral orc (D:2)
310 creatures vanquished.

Vanquished Creatures (collateral kills)
  A gnoll shaman (D:3)
  11 gnolls (D:3)
  4 jackals (D:3)
16 creatures vanquished.

Vanquished Creatures (others)
  3 fungi
  93 plants
96 creatures vanquished.

Grand Total: 422 creatures vanquished

Notes
Turn   | Place    | Note
-------+----------+-------------------------------------------
     0 | D:1      | raph the Deep Elf Earth Elementalist began the quest for
                  | the Orb.
     0 | D:1      | Reached XP level 1. HP: 10/10 MP: 6/6
   207 | D:1      | Reached XP level 2. HP: 15/15 MP: 5/8
   208 | D:1      | Reached skill level 4 in Earth Magic
   667 | D:2      | Reached XP level 3. HP: 19/19 MP: 9/9
   670 | D:2      | Learned a level 2 spell: Passwall
   685 | D:2      | Learned a level 3 spell: Stone Arrow
   861 | D:2      | Learned a level 2 spell: Call Imp
   933 | D:2      | Reached skill level 5 in Earth Magic
  1060 | D:2      | Found a glowing golden altar of the Shining One.
  1060 | D:2      | Found a snail-covered altar of Cheibriados.
  1122 | D:2      | Reached XP level 4. HP: 21/24 MP: 11/11
  1345 | D:2      | Found a bloodstained altar of Trog.
  1775 | D:2      | Found a basalt altar of Yredelemnul.
  1928 | D:2      | Found a faded altar of an unknown god.
  2137 | D:3      | Reached skill level 6 in Earth Magic
  2137 | D:3      | Reached XP level 5. HP: 26/28 MP: 9/13
  2186 | D:3      | Learned a level 2 spell: Blink
  3365 | D:3      | Reached skill level 1 in Conjurations
  3365 | D:3      | Reached XP level 6. HP: 32/32 MP: 7/14
  3806 | D:3      | Reached skill level 7 in Earth Magic
  4515 | D:3      | Reached XP level 7. HP: 29/36 MP: 3/15
  4579 | D:3      | Learned a level 5 spell: Lee's Rapid Deconstruction
  5033 | D:3      | Reached skill level 8 in Earth Magic
  5315 | D:4      | Found a burning altar of Makhleb.
  6066 | D:4      | Found a bloodstained altar of Trog.
  6074 | D:4      | Reached skill level 9 in Earth Magic
  6137 | D:4      | Got a shadowed robe
  6148 | D:4      | Identified the +1 robe of the Valley {Harm Int-5 Dex+9}
                  | (You found it on level 4 of the Dungeon)
  6262 | D:4      | Found Seciryn's Assorted Antiques.
  6273 | D:4      | Bought a scroll of identify for 52 gold pieces
  6794 | D:5      | Entered Level 5 of the Dungeon
  7143 | D:5      | Reached XP level 8. HP: 41/41 MP: 7/16
  7605 | D:6      | Reached skill level 10 in Earth Magic
  7774 | D:6      | Found a staircase to the Ecumenical Temple.
  7785 | Temple   | Entered the Ecumenical Temple
  7858 | Temple   | Became a worshipper of Sif Muna the Loreminder
  8262 | D:6      | Noticed Prince Ribbit
  8372 | D:6      | Killed Prince Ribbit
  8502 | D:6      | Found a hazy altar of Hepliaklqana.
  8596 | D:6      | Found an ancient bone altar of Kikubaaqudgha.
  8602 | D:6      | Found a radiant altar of Vehumet.
  8604 | D:6      | Found a glowing silver altar of Zin.
  8615 | D:6      | Found an iron altar of Okawaru.
  8711 | D:6      | Reached skill level 11 in Earth Magic
  9499 | D:7      | Noticed Menkaure
  9955 | D:7      | Noticed a hornet
  9960 | D:7      | Paralysed by a hornet for 1 turns
  9968 | D:7      | Killed a hornet
  9969 | D:7      | Reached skill level 5 in Spellcasting
  9969 | D:7      | Reached skill level 1 in Invocations
  9969 | D:7      | Reached XP level 9. HP: 11/46 MP: 4/18
 10016 | D:7      | Reached skill level 1 in Fighting
 10167 | D:7      | Killed Menkaure
 10168 | D:7      | Reached skill level 12 in Earth Magic
 10445 | D:7      | Noticed Duvessa
 10446 | D:7      | Noticed Dowan
 10555 | D:7      | Killed Dowan
 10558 | D:7      | Killed Duvessa
 10969 | D:7      | Reached * piety under Sif Muna
 11273 | D:7      | Learned a level 3 spell: Mephitic Cloud
 11308 | D:7      | You fall into a shaft and drop 2 floors!
 11370 | D:9      | Found a huge runed translucent gate.
 11370 | D:9      | Found a huge runed translucent gate.
 11370 | D:9      | Found a huge runed translucent gate.
 11370 | D:9      | Found a huge runed translucent gate.
 11370 | D:9      | Noticed a polar bear
 11370 | D:9      | Noticed a polar bear
 11370 | D:9      | Noticed a polar bear
 11370 | D:9      | Noticed a polar bear
 11370 | D:9      | Noticed a polar bear
 11370 | D:9      | Noticed a polar bear
 11370 | D:9      | Noticed a polar bear
 11370 | D:9      | Noticed a polar bear
 11424 | D:9      | Noticed Psyche
 11592 | D:9      | Killed Psyche
 12077 | D:8      | Reached ** piety under Sif Muna
 12516 | D:8      | Noticed Harold
 12861 | D:8      | Found a stormy altar of Qazlal.
 13209 | D:9      | Reached XP level 10. HP: 54/54 MP: 15/21
 13297 | D:9      | Reached skill level 5 in Stealth
 13568 | D:9      | Noticed a boulder beetle
 13591 | D:9      | Killed a boulder beetle
 13592 | D:9      | Reached skill level 5 in Dodging
 14432 | D:10     | Entered Level 10 of the Dungeon
 14645 | D:10     | Found a shadowy altar of Dithmenos.
 14807 | D:10     | Found a staircase to the Lair.
 14817 | D:10     | Found a staircase to the Orcish Mines.
 14832 | D:10     | Reached skill level 5 in Invocations
 14907 | D:10     | Reached *** piety under Sif Muna
 15239 | D:10     | Noticed a two-headed ogre
 15381 | D:9      | Learned a level 4 spell: Petrify
 15516 | D:10     | Killed a two-headed ogre
 15517 | D:10     | Reached skill level 13 in Earth Magic
 16116 | D:10     | Reached XP level 11. HP: 60/60 MP: 5/24
 16500 | Lair:1   | Entered Level 1 of the Lair of Beasts
 16598 | Lair:1   | Reached skill level 5 in Conjurations
 16950 | D:4      | Bought a hardcover book for 390 gold pieces
 16950 | D:4      | Bought a scroll labelled ATHEEG WADGHA for 26 gold pieces
 16954 | D:4      | Learned a level 3 spell: Vampiric Draining
 17346 | Lair:1   | Noticed a four-headed hydra
 17350 | Lair:1   | Killed a four-headed hydra
 17351 | Lair:1   | Reached skill level 1 in Necromancy
 18191 | Lair:2   | Found a frozen archway.
 18294 | IceCv    | Entered an ice cave
 18616 | IceCv    | Reached **** piety under Sif Muna
 19102 | IceCv    | Slain by a freezing wraith

Illustrated notes

Levels and vault maps discovered:
D:1:      minmay_arrival_five_plusses, layout_rooms
D:2:      layout_loops_ring, yredelemnul_forgotten_temple_becter,
          gammafunk_temple_overflow_statue, chequers_ecumenical_altar_lobes,
          eino_curves_04, minmay_hexomino_r4
D:3:      lemuel_castle_with_subvaults [lemuel_castle_interior_carwin_3],
          layout_basic, serial_bayou, serial_bayou_shore_a, serial_bayou_lake_a,
          serial_bayou_pond_c, serial_bayou_lagoon_b, serial_bayou_pond_d,
          chequers_jeans
D:4:      layout_loops_corners, general_overflow_altar, serial_shops, shop,
          serial_bayou_pond_b, trog_three_pillars_becter
D:5:      layout_cave_pools
D:6:      cheibrodos_iron_armory, layout_loops_corners,
          nzn_hepliaklqana_mist_gate, minitemple, minmay_temple_entry_slanted,
          uniq_prince_ribbit1
D:7:      layout_gridville, chequers_serial_rivers_small_b, uniq_duvessa,
          uniq_menkaure
D:8:      layout_basic, kennysheep_mini, serial_bayou, serial_bayou_pond_c,
          serial_bayou_pond_e, serial_bayou_pond_c, serial_bayou_pond_c,
          skrybe_limestone_x, uniq_harold
D:9:      lemuel_bear_cage, layout_loops_ring, uniq_psyche
D:10:     layout_small_grid, lair_entry_dummy, david_orc_3, serial_bayou,
          serial_bayou_pond_d, serial_bayou_pond_b, serial_bayou_shore_b,
          serial_bayou_lagoon_a, nicolae_dithmenos_shadow_blocks
Temple:   minmay_temple_bridge_abc
Lair:1:   layout_regular_city, beast_lair_carwin_4
Lair:2:   layout_regular_city, portal_ice_cave_demonic_guard, uniq_erica
IceCv:    ice_cave_small_necro

Skill      XL: |  1  2  3  4  5  6  7  8  9 10 11 |
---------------+----------------------------------+-----
Earth Magic    | 4 5 6 7 9 11 12 13 | 13.2
Spellcasting   | 4 5 6 7 8 |  8.4
Conjurations   | 1 3 4 5 |  5.5
Stealth        | 3 4 6 7 |  7.2
Invocations    | 1 3 6 7 |  7.4
Fighting       | 2 3 4 |  4.2
Dodging        | 4 6 |  6.7
Necromancy     | 3 |  3.1
Transmutations | |  1.1

Action                   |  1- 3 |  4- 6 |  7- 9 | 10-12 || total
-------------------------+-------+-------+-------+-------++-------
Melee: Dagger            |    26 |   121 |   241 |    34 ||   422
 Cast: Sandblast         |    29 |    48 |    39 |    36 ||   152
       Call Imp          |       |    16 |     8 |     6 ||    30
       Stone Arrow       |       |    13 |    70 |    38 ||   121
       Lee's Rapid Decon |       |       |    35 |    71 ||   106
       Mephitic Cloud    |       |       |     1 |     2 ||     3
       Passwall          |       |       |     1 |       ||     1
       Blink             |       |       |       |     2 ||     2
Invok: Channel Magic     |       |       |       |     3 ||     3
Evoke: Wand              |       |       |       |     3 ||     3
  Use: Scroll            |       |    11 |    11 |     9 ||    31
       Potion            |       |     2 |     3 |     1 ||     6
 Stab: Sleeping          |     2 |     3 |    13 |     4 ||    22
Armor: Robe              |    10 |    34 |    62 |    10 ||   116
Dodge: Dodged            |    25 |    76 |   151 |    50 ||   302
Block: Other             |       |    38 |    57 |    17 ||   112
       Reflection        |       |     2 |     1 |       ||     3
